 Dungeon Crawl Stone Soup version 0.22-a0-388-g09e6169 (webtiles) character file.

86078 DrEnzyme the Carver (level 15, -1/124 HPs)
             Began as a Green Draconian Wanderer on Apr 26, 2018.
             Was the Champion of Wu Jian.
             Killed from afar by a shock serpent (16 damage)
             ... with a bolt of electricity
             ... on level 1 of the Snake Pit on Apr 30, 2018.
             The game lasted 05:43:13 (37445 turns).

DrEnzyme the Carver (Green Draconian Wanderer)     Turns: 37445, Time: 05:43:14

Health: -1/124     AC: 12    Str: 24    XL:     15   Next: 39%
Magic:  0/22       EV: 16    Int: 12    God:    Wu Jian [******]
Gold:   1808       SH: 24    Dex: 15    Spells: 14/24 levels left

rFire    x . .     SeeInvis .   a - +4 scimitar (flame)
rCold    + . .     Gourm    .   q - +5 shield
rNeg     . . .     Faith    .   (armour unavailable)
rPois    +         Spirit   +   (helmet restricted)
rElec    .         Reflect  +   P - scarf {Spirit}
rCorr    .         Harm     .   h - +0 pair of gloves
MR       +....                  S - +1 pair of boots
Stlth    +++.......             K - +5 amulet of reflection
HPRegen  0.30/turn              G - ring of ice
MPRegen  0.18/turn              W - +3 ring of strength

@: lethally poisoned (-1 -> -2), very slightly contaminated
A: breathe noxious fumes, unfitting armour, stinger 1, agile 1, poison
resistance, strong 1, cold-blooded, AC +9
a: Breathe Noxious Fumes, Wall Jump, Serpent's Lash, Heavenly Storm, Renounce
Religion


You were on level 1 of the Snake Pit.
You worshipped Wu Jian.
Wu Jian was exalted by your worship.
You were not hungry.

You visited 6 branches of the dungeon, and saw 25 of its levels.

You collected 2025 gold pieces.
You spent 217 gold pieces at shops.

Inventory:

Hand Weapons
 a - a +4 scimitar of flaming (weapon)
 b - a +2 hand crossbow
 s - a +2 rapier of venom
 B - the +7 falchion of Sifez {drain, rN+}
   (You found it on level 10 of the Dungeon)

   A truly terrible weapon, it drains the life of those it strikes.
   It protects you from negative energy.
 E - a +2 falchion of electrocution
 Y - a +2 antimagic broad axe
Missiles
 c - 100 bolts (quivered)
Armour
 h - a +0 pair of gloves (worn)
 q - a +5 shield (worn)
 P - a scarf of spirit shield (worn)
 S - a +1 pair of boots (worn)
Magical Staves
 p - an uncursed staff of summoning
Jewellery
 k - an uncursed ring of wizardry
 t - an uncursed ring of flight
 G - a ring of ice (left hand)
 K - a +5 amulet of reflection (around neck)
 R - an uncursed ring of positive energy
 W - a +3 ring of strength (right hand)
Wands
 f - a wand of enslavement (12)
 y - a wand of flame (35)
 H - a wand of digging (41)
 L - a wand of acid (9)
 M - a wand of polymorph (6)
 O - a wand of iceblast (13)
Scrolls
 e - 2 scrolls of magic mapping
 l - a scroll of fear
 n - 4 scrolls of vulnerability {unknown}
 o - a scroll of immolation {unknown}
 w - 4 scrolls of remove curse
 z - 4 scrolls of enchant weapon
 A - 7 scrolls of teleportation
 F - a scroll of summoning {unknown}
 J - a scroll of brand weapon {unknown}
 N - a scroll of random uselessness {unknown}
 Q - a scroll of noise {unknown}
 U - a scroll of fog {unknown}
 X - a scroll of holy word {unknown}
Potions
 d - 13 potions of curing
 g - a potion of heal wounds
 i - a potion of mutation
 j - 4 potions of berserk rage
 m - 7 potions of lignification
 v - a potion of invisibility {unknown}
 x - 2 potions of brilliance
 C - 4 potions of flight
 D - 3 potions of haste
 T - a potion of ambrosia {unknown}
 V - 2 potions of might {unknown}


   Skills:
 + Level 9.3 Fighting
 - Level 5.9(10.7) Short Blades
 * Level 13.5(13.9) Long Blades
 + Level 6.3 Axes
 * Level 10.5 Crossbows
 + Level 6.8 Dodging
 + Level 6.1 Stealth
 * Level 13.0 Shields
 - Level 5.3 Spellcasting
 - Level 4.8 Hexes
 + Level 3.0 Ice Magic
 + Level 2.0 Evocations


You had 14 spell levels left.
You knew the following spells:

 Your Spells              Type           Power        Failure   Level  Hunger
a - Ensorcelled Hibernat  Hex/Ice        ###...       8%          2    ##.....
b - Confuse               Hex            ##......     10%         3    ###....
c - Corona                Hex            ##.....      3%          1    None
d - Tukima's Dance        Hex            ##......     10%         3    ###....
e - Confusing Touch       Hex            ##....       3%          1    None


Dungeon Overview and Level Annotations

Branches:
Dungeon (14/15)            Temple (1/1) D:6            Lair (6/6) D:8
 Shoals (1/4) Lair:4        Snake (1/4) Lair:2        Slime (0/5) Lair:5
    Orc (2/2) D:10            Elf (0/3) Orc:2        Vaults (0/5) D:14

Altars:
Ashenzari
Cheibriados
Dithmenos
Elyvilon
Fedhas
Gozag
Hepliaklqana
Kikubaaqudgha
Makhleb
Nemelex Xobeh
Okawaru
Qazlal
Uskayaw
Vehumet
Wu Jian
Xom
Yredelemnul
Zin
The Shining One
Beogh
Jiyva

Shops:
Orc:2 *[*}

Annotations:
D:3 exclusion: downstairs
D:4 exclusion: 2 downstairs
D:7 exclusion: downstairs
D:8 exclusion: downstairs
D:9 exclusion: downstairs
D:10 exclusion: 2 downstairs
D:11 alcopop's ghost, journeyman OgFi
Lair:3 exclusion: downstairs


Innate Abilities, Weirdness & Mutations

You can breathe blasts of noxious fumes.
Your lurid green scales are hard. (AC +9)
You cannot fit into any form of body armour.
Your tail ends in a poisonous barb.
Your system is resistant to poisons. (rPois)
You are cold-blooded and may be slowed by cold attacks.
You are agile. (Dex +2)
Your muscles are strong. (Str +2)


Message History

The now-empty box falls apart.
You feel sick.
Your larval firebat beast barely misses the shock serpent.
Something barely misses your larval firebat beast.
Something bites your larval firebat beast!
The shock serpent bites you.
* * * LOW HITPOINT WARNING * * *
The shock serpent shocks you!
* * * LOW HITPOINT WARNING * * *
Unknown command.
Blink to where?
Press: ? - help, Dir - move target cursor, p - mana viper You are very lightly contaminated with residual magic.
As you read the scroll of blinking, it crumbles to dust.
The shock serpent shoots out a bolt of lightning at you!
The bolt of electricity hits you!
* * * LOW HITPOINT WARNING * * *
Something bites your larval stingshock beast!
The shock serpent shoots out a bolt of lightning at you!
The bolt of electricity hits you!
You die...

#......S..###
#.......#SH.# .
###....S#........
#....H##.......
#.....)........ #
######...##.....#
....###>..#
##...(....!
#.@.## #...#
#####


You could see a shock serpent, a mana viper and 2 friendly mutant beasts.

Vanquished Creatures
  Gastronok (D:10)
  A nagaraja (Snake:1)
  2 orc warlords (Orc:2)
  Snorg (Orc:2)
  Erolcha (Orc:1)
  Josephine (Lair:5)
  2 hydras
  4 vault guards (D:14)
  A catoblepas (Lair:2)
  Fannar (Lair:1)
  A centaur warrior (D:11)
  7 two-headed ogres
  5 death yaks (Lair:5)
  4 orc high priests (Orc:2)
  A naga ritualist (Snake:1)
  A wizard (D:12)
  Pikel (D:6)
  3 orc knights (Orc:2)
  5 ugly things
  2 orc sorcerers (Orc:2)
  2 oklob plants (Lair:2)
  6 black mambas
  9 elephants
  A naga mage (Snake:1)
  Maurice (Orc:2)
  3 gargoyles
  8 spiny frogs
  2 centaur skeletons
  2 kobold demonologists
  2 komodo dragons
  2 rime drakes
  A freezing wraith (D:14)
  An efreet (D:12)
  2 meliai (D:13)
  5 hornets
  8 polar bears
  7 trolls
  A queen bee (D:10)
  3 slime creatures (D:12)
  A polar bear (shapeshifter) (D:13)
  14 blink frogs
  6 hippogriffs
  A snapping turtle (Lair:4)
  5 dream sheep
  13 spriggans (Lair:6)
  A wyvern (Lair:4)
  42 yaks
  4 wraiths
  3 hungry ghosts
  4 basilisks
  2 wargs (Orc:1)
  6 nagas (Lair:2)
  An acid dragon (D:13)
  A soldier ant (D:13)
  A hell hound (D:8)
  25 water moccasins
  40 orc warriors
  4 porcupines
  An ice beast (D:9)
  6 black bears
  The ghost of VillageIdiot the Skirmisher, an amateur MiCK of Xom (D:4)
  An eye of draining (D:8)
  A phantom (D:9)
  20 ogres
  3 sky beasts (D:5)
  3 boggarts (Lair:6)
  14 centaurs
  37 wolves
  20 crocodiles
  5 big kobolds
  18 bullfrogs
  2 scorpions
  22 killer bees
  A jelly (D:5)
  11 wights
  2 electric eels (D:11)
  5 crimson imps
  A bullfrog zombie (D:5)
  2 centaur zombies
  4 hounds
  Crazy Yiuf (D:6)
  30 orc priests
  3 worker ants
  2 iguanas (D:9)
  21 orc wizards
  4 hell rats (Lair:5)
  2 hound skeletons
  4 worker ant zombies
  3 gnolls (D:2)
  2 howler monkey skeletons
  24 adders
  A shadow imp (D:14)
  2 adder zombies
  3 adder skeletons
  3 worms
  A dart slug (D:2)
  6 leopard geckos
  117 orcs
  4 ball pythons
  9 bats
  4 giant cockroaches
  7 hobgoblins
  15 jackals
  2 quokkas
  7 frilled lizards
  10 goblins
  12 kobolds
  2 leopard gecko skeletons
  9 rats
  A bush (Lair:1)
  4 fungi
  3 plants
783 creatures vanquished.

Vanquished Creatures (collateral kills)
  A spiny frog (Lair:3)
  A meliai (D:13)
  8 dream sheep
  A crocodile (Lair:3)
  3 killer bees
  An adder (D:11)
15 creatures vanquished.

Vanquished Creatures (others)
  A centaur warrior (D:14)
  A spriggan (Lair:6)
  4 slaves (D:6)
  3 centaurs
  A wight (D:8)
  A giant cockroach (D:6)
  A kobold (D:12)
  2 bushes (Lair:6)
  3 fungi
  6 plants
23 creatures vanquished.

Grand Total: 821 creatures vanquished

Notes
Turn   | Place    | Note
-------+----------+-------------------------------------------
     0 | D:1      | DrEnzyme the Draconian Wanderer began the quest for the Orb.
     0 | D:1      | DrEnzyme set off with: a +2 hand axe, a +0 hand crossbow, 25 bolts, a potion of curing, a ration
     0 | D:1      | Reached XP level 1. HP: 17/17 MP: 1/1
   231 | D:1      | Reached XP level 2. HP: 20/25 MP: 2/2
   784 | D:2      | Reached skill level 1 in Crossbows
   856 | D:2      | Reached XP level 3. HP: 21/30 MP: 3/3
  1167 | D:2      | Reached XP level 4. HP: 31/37 MP: 4/4
  1934 | D:3      | Noticed an ogre
  2027 | D:3      | Reached XP level 5. HP: 42/42 MP: 5/5
  2930 | D:3      | Killed an ogre
  2930 | D:3      | Reached XP level 6. HP: 20/50 MP: 6/6
  3591 | D:4      | Noticed VillageIdiot's ghost (amateur MiCK)
  3615 | D:5      | Entered Level 5 of the Dungeon
  3680 | D:5      | Reached skill level 1 in Dodging
  4385 | D:4      | Killed VillageIdiot's ghost
  4386 | D:4      | Reached skill level 1 in Shields
  4942 | D:5      | Noticed a sky beast
  5090 | D:5      | Noticed a sky beast
  5110 | D:5      | Your scales start taking on a lurid green colour.
  5110 | D:5      | Reached XP level 7. HP: 55/57 MP: 7/7
  5110 | D:5      | Gained mutation: Your system is resistant to poisons. (rPois) [Green Draconian growth]
  5485 | D:5      | Reached skill level 5 in Crossbows
  5770 | D:6      | Noticed Pikel
  5804 | D:6      | Killed Pikel
  5804 | D:6      | Reached skill level 5 in Axes
  5804 | D:6      | Reached XP level 8. HP: 35/66 MP: 8/8
  6352 | D:6      | Found a runed door.
  6356 | D:6      | Noticed Crazy Yiuf
  6363 | D:6      | Killed Crazy Yiuf
  7145 | D:6      | Found a staircase to the Ecumenical Temple.
  7176 | Temple   | Entered the Ecumenical Temple
  7329 | Temple   | Became a worshipper of the Wu Jian Council
  7620 | D:7      | Reached XP level 9. HP: 55/72 MP: 9/9
  9007 | D:8      | Reached skill level 5 in Fighting
  9262 | D:8      | Reached skill level 1 in Short Blades
  9608 | D:6      | Reached * piety under Wu Jian
  9686 | D:6      | Found a shimmering altar of Xom.
 10029 | D:8      | Noticed a two-headed ogre
 10046 | D:8      | Killed a two-headed ogre
 10046 | D:8      | Reached skill level 5 in Shields
 10460 | D:8      | Found a glowing silver altar of Zin.
 10493 | D:8      | Found a staircase to the Lair.
 10928 | D:8      | Reached skill level 5 in Short Blades
 11510 | D:9      | Reached skill level 1 in Spellcasting
 11514 | D:9      | Learned a level 2 spell: Ensorcelled Hibernation
 11524 | D:9      | Noticed a troll
 11755 | D:9      | Reached XP level 10. HP: 81/81 MP: 11/11
 12073 | D:10     | Entered Level 10 of the Dungeon
 12126 | D:10     | Noticed a gargoyle
 13066 | D:10     | Got a faintly glowing falchion
 13083 | D:10     | Identified the +7 falchion of Sifez {drain, rN+} (You found it on level 10 of the Dungeon)
 13160 | D:10     | Noticed Gastronok
 13183 | D:9      | Reached skill level 1 in Long Blades
 13318 | D:10     | Killed a gargoyle
 13318 | D:10     | Reached skill level 1 in Hexes
 13456 | D:10     | Found a staircase to the Orcish Mines.
 13488 | D:10     | Reached ** piety under Wu Jian
 14543 | D:10     | Found a glowing golden altar of the Shining One.
 14736 | D:11     | Noticed alcopop's ghost (journeyman OgFi)
 14739 | D:11     | Found a blossoming altar of Fedhas.
 15548 | D:11     | Noticed a centaur warrior
 15558 | D:11     | Killed a centaur warrior
 15558 | D:11     | Reached XP level 11. HP: 76/89 MP: 15/15
 16174 | D:10     | Killed Gastronok
 16174 | D:10     | Reached skill level 5 in Long Blades
 17298 | D:11     | Reached *** piety under Wu Jian
 17857 | D:12     | Upgraded the game from 0.22-a0-377-g846bec1 to 0.22-a0-379-ga9d99d6
 17944 | D:12     | Noticed a cyan ugly thing
 18185 | D:12     | Upgraded the game from 0.22-a0-379-ga9d99d6 to 0.22-a0-388-g09e6169
 18226 | D:12     | Learned a level 3 spell: Confuse
 18228 | D:12     | Learned a level 1 spell: Corona
 18232 | D:12     | Learned a level 3 spell: Tukima's Dance
 18536 | D:12     | Noticed a green ugly thing
 18614 | D:12     | Noticed a wizard
 18628 | D:12     | Killed a wizard
 18628 | D:12     | Reached XP level 12. HP: 97/97 MP: 18/18
 18788 | D:12     | Noticed a two-headed ogre
 18796 | D:12     | Killed a two-headed ogre
 18872 | D:12     | Reached **** piety under Wu Jian
 20877 | D:11     | Reached skill level 5 in Spellcasting
 22171 | D:14     | Found a shadowy altar of Dithmenos.
 22489 | D:14     | Found a gate to the Vaults.
 22489 | D:14     | Noticed a vault guard
 22489 | D:14     | Noticed a vault guard
 22489 | D:14     | Noticed a vault guard
 22489 | D:14     | Noticed a vault guard
 22489 | D:14     | Noticed a vault guard
 22490 | D:14     | Noticed a vault guard
 22617 | D:14     | Found a shattered altar of Ashenzari.
 22646 | D:14     | Noticed a centaur warrior
 22650 | D:14     | Killed a centaur warrior
 22851 | D:14     | Noticed a vault guard
 22916 | D:14     | Killed a vault guard
 23069 | D:14     | Killed a vault guard
 23287 | D:14     | Killed a vault guard
 23287 | D:14     | Reached XP level 13. HP: 55/105 MP: 11/20
 23431 | D:14     | Reached skill level 5 in Dodging
 24049 | Lair:1   | Entered Level 1 of the Lair of Beasts
 24226 | Lair:1   | Reached ***** piety under Wu Jian
 24238 | Lair:1   | Found a labyrinth entrance.
 24380 | Lair:1   | Noticed Fannar
 24410 | Lair:1   | Killed Fannar
 24457 | Lair:1   | Learned a level 1 spell: Confusing Touch
 25435 | Lair:2   | Reached skill level 10 in Long Blades
 25586 | Lair:2   | Reached skill level 10 in Shields
 25888 | Lair:2   | Found a staircase to the Snake Pit.
 26123 | Lair:2   | Reached skill level 5 in Stealth
 28742 | Lair:4   | Got a faintly glowing glaive
 29110 | Lair:4   | Gained mutation: Your tail ends in a poisonous barb. [Green Draconian growth]
 29110 | Lair:4   | Reached XP level 14. HP: 99/115 MP: 18/21
 29165 | Lair:4   | Gained mutation: You are clumsy. (Dex -2) [potion of mutation]
 29165 | Lair:4   | Gained mutation: You expend magic power (3 MP) to strengthen your wands. [potion of mutation]
 29166 | Lair:4   | Lost mutation: You are clumsy. (Dex -2) [potion of mutation]
 29166 | Lair:4   | Lost mutation: You expend magic power (3 MP) to strengthen your wands. [potion of mutation]
 29166 | Lair:4   | Gained mutation: Your muscles are strong. (Str +2) [potion of mutation]
 29166 | Lair:4   | Gained mutation: You are agile. (Dex +2) [potion of mutation]
 29241 | Lair:4   | Found a staircase to the Shoals.
 29726 | Lair:5   | Noticed Josephine
 30310 | Lair:5   | Killed Josephine
 30528 | Lair:5   | Found a viscous altar of Jiyva.
 30528 | Lair:5   | Found a staircase to the Slime Pits.
 30723 | Lair:6   | Entered Level 6 of the Lair of Beasts
 30834 | Lair:6   | Reached ****** piety under Wu Jian
 31852 | Lair:6   | Reached skill level 10 in Crossbows
 33284 | Orc:1    | Entered Level 1 of the Orcish Mines
 33284 | Orc:1    | Noticed Erolcha
 33306 | Orc:1    | Killed Erolcha
 33542 | Orc:1    | Found a roughly hewn altar of Beogh.
 34128 | Orc:2    | Entered Level 2 of the Orcish Mines
 34504 | Orc:2    | Noticed an orc warlord
 34516 | Orc:2    | Noticed Snorg
 34547 | Orc:2    | Killed an orc warlord
 34946 | Orc:2    | Killed Snorg
 34946 | Orc:2    | Reached XP level 15. HP: 60/124 MP: 11/22
 35191 | Orc:2    | Found Ciuzoeh's Antique Armour Emporium.
 35221 | Orc:2    | Bought a pair of runed boots for 217 gold pieces
 35258 | Orc:2    | Found Bali's General Store.
 35285 | Orc:2    | Found a roughly hewn altar of Beogh.
 35725 | Orc:2    | Found Komeh's Assorted Antiques.
 35781 | Orc:2    | Noticed an orc warlord
 35861 | Orc:2    | Killed an orc warlord
 35863 | Orc:2    | Noticed Maurice
 35868 | Orc:2    | Killed Maurice
 35949 | Orc:2    | Found Jafuet's Gadget Shop.
 36024 | Orc:2    | Found a roughly hewn altar of Beogh.
 36634 | Orc:2    | Found a staircase to the Elven Halls.
 37186 | Shoals:1 | Entered Level 1 of the Shoals
 37392 | Snake:1  | Entered Level 1 of the Snake Pit
 37404 | Snake:1  | Noticed a nagaraja
 37412 | Snake:1  | Killed a nagaraja
 37445 | Snake:1  | Killed from afar by a shock serpent

Vault maps used:
D:1:      minmay_arrival_shattered_statue, hangedman_decor_growths
D:2:      first_ration
D:3:      minmay_fountain_box
D:5:      kennysheep_cross_room
D:6:      xom_butterflies, minmay_temple_entry_nine_rooms,
          uniq_crazy_yiuf_cottage, uniq_pikel
D:8:      minmay_lair_entry_lava, basic_altar
D:10:     erik_orc_3, david_nohive_1, tso_altar, uniq_gastronok
D:11:     lemuel_reptile_caves, basic_altar, serial_glass, glass_columns_b,
          glass_columns_a, glass_columns_b, glass_columns_b, glass_columns_c,
          glass_columns_a
D:13:     st_stairs_8
D:14:     erik_vaults_2, nicolae_ashenzari_panopticon,
          grunt_dithmenos_smoke_and_mirrors
Temple:   roderic_octagonal_lattice_temple
Lair:1:   lab_entry_generic, serial_bayou_shore_a, uniq_fannar
Lair:2:   minmay_snake_entry_guardpost_large, minmay_lair_oklob_chamber,
          grunt_megastairs_1
Lair:3:   beast_lair_carwin_large_2
Lair:4:   minmay_shoals_entry_hut, lemuel_fruit_tree, grunt_megastairs_2,
          infiniplex_staircase_pool_2
Lair:5:   dpeg_slime_entry_enclosed_altar, uniq_josephine
Lair:6:   minmay_lair_end_enchanted_forest, enter_volcano_4, wad_woods_06
Shoals:1: nicolae_shoals_mertower
Snake:1:  hangedman_venom_bottle, minmay_shop_grove
Orc:1:    basic_altar, uniq_erolcha
Orc:2:    pubby_orc_utopia, uniq_maurice, uniq_snorg

Skill      XL: |  1  2  3  4  5  6  7  8  9 10 11 12 13 14 15 |
---------------+----------------------------------------------+-----
Crossbows      | 1 2 3 4 6 7 8 9 10 | 10.5
Axes           | 4 5 6 |  6.3
Dodging        | 1 2 3 4 5 6 |  6.8
Fighting       | 3 4 5 6 7 8 9 |  9.3
Shields        | 1 2 4 5 7 8 9 11 12 13 | 13.0
Stealth        | 2 3 4 5 6 |  6.1
Short Blades   | 5 |  5.9
Spellcasting   | 1 2 4 5 |  5.3
Long Blades    | 4 7 9 11 12 13 | 13.5
Hexes          | 2 3 4 |  4.8
Evocations     | 2 |  2.0
Ice Magic      | |  3.0

Action                   |  1- 3 |  4- 6 |  7- 9 | 10-12 | 13-15 || total
-------------------------+-------+-------+-------+-------+-------++-------
Melee: Hand axe          |    26 |   141 |   155 |       |       ||   322
       Tailslap          |     1 |    14 |    47 |   153 |   308 ||   523
       Rapier            |       |       |   161 |   118 |       ||   279
       Falchion          |       |       |       |   615 |    13 ||   628
       Hand crossbow     |       |       |       |     1 |       ||     1
       Scimitar          |       |       |       |   106 |  1570 ||  1676
       Broad axe         |       |       |       |       |    10 ||    10
 Fire: Hand crossbow     |    63 |   110 |    97 |   109 |    20 ||   399
 Cast: Confuse           |       |       |       |     3 |       ||     3
       Corona            |       |       |       |     2 |       ||     2
       Tukima's Dance    |       |       |       |     1 |       ||     1
       Confusing Touch   |       |       |       |       |     1 ||     1
Invok: Lunge             |       |       |     6 |    56 |    99 ||   161
       Whirlwind         |       |       |     2 |    23 |   117 ||   142
       Wall Jump         |       |       |       |    21 |    51 ||    72
       Serpent's Lash    |       |       |       |       |     2 ||     2
       Heavenly Storm    |       |       |       |       |     2 ||     2
 Abil: Breathe Noxious F |       |       |    20 |    52 |    41 ||   113
Evoke: Wand              |       |       |     6 |    10 |     4 ||    20
       Box of beasts     |       |       |       |       |     5 ||     5
       Phantom mirror    |       |       |       |       |     1 ||     1
  Use: Scroll            |     2 |     3 |     6 |    13 |    12 ||    36
       Potion            |       |     1 |       |     4 |     4 ||     9
 Stab: Confused          |       |       |     3 |    25 |    33 ||    61
       Fleeing           |       |       |     1 |       |       ||     1
       Sleeping          |       |       |       |     6 |    19 ||    25
       Distracted        |       |       |       |       |     3 ||     3
  Eat: Ration            |     1 |     3 |     7 |    17 |    14 ||    42
       Chunk             |       |       |       |       |     6 ||     6
Armor: Skin              |    17 |    77 |    76 |   145 |   103 ||   418
Dodge: Dodged            |    25 |    73 |   121 |   243 |   288 ||   750
Block: Shield            |       |    70 |   143 |   601 |  1175 ||  1989
       Reflection        |       |       |     1 |    45 |    20 ||    66
       Rpst.: Falchion   |       |       |       |    46 |     1 ||    47
       Scimitar          |       |       |       |     3 |    68 ||    71

Table legend:
 A = Spawn XP
 B = Non-spawn XP
 C = Spawn XP percentage of total XP
 D = Spawn monster count
 E = Non-spawn monster count
 F = Spawn count percentage of total count
 G = Total turns spent on level
                    A         B        C        D         E        F      G
               +---------+---------+-------+---------+---------+-------+---------
         Total |       0 |  122969 |   0.0 |       0 |     798 |   0.0 | 37445
               +---------+---------+-------+---------+---------+-------+---------
           D:1 |       0 |      30 |   0.0 |       0 |      21 |   0.0 |   875
           D:2 |       0 |     143 |   0.0 |       0 |      32 |   0.0 |  1033
           D:3 |       0 |     267 |   0.0 |       0 |      24 |   0.0 |  1801
           D:4 |       0 |     202 |   0.0 |       0 |      16 |   0.0 |   955
           D:5 |       0 |     752 |   0.0 |       0 |      19 |   0.0 |  1344
           D:6 |       0 |    1460 |   0.0 |       0 |      28 |   0.0 |  1746
           D:7 |       0 |     396 |   0.0 |       0 |      12 |   0.0 |  1255
           D:8 |       0 |    2201 |   0.0 |       0 |      26 |   0.0 |  1877
           D:9 |       0 |    1961 |   0.0 |       0 |      29 |   0.0 |  2225
          D:10 |       0 |    6289 |   0.0 |       0 |      36 |   0.0 |  3370
          D:11 |       0 |    5575 |   0.0 |       0 |      47 |   0.0 |  1830
          D:12 |       0 |    9167 |   0.0 |       0 |      47 |   0.0 |  2169
          D:13 |       0 |    3960 |   0.0 |       0 |      39 |   0.0 |  1980
          D:14 |       0 |    6907 |   0.0 |       0 |      13 |   0.0 |  1563
        Lair:1 |       0 |    6180 |   0.0 |       0 |      30 |   0.0 |  1299
        Lair:2 |       0 |    8331 |   0.0 |       0 |      36 |   0.0 |  1681
        Lair:3 |       0 |    6444 |   0.0 |       0 |      31 |   0.0 |  1447
        Lair:4 |       0 |    6728 |   0.0 |       0 |      23 |   0.0 |  1487
        Lair:5 |       0 |   11807 |   0.0 |       0 |      42 |   0.0 |  1738
        Lair:6 |       0 |   14981 |   0.0 |       0 |      67 |   0.0 |  1979
       Snake:1 |       0 |    3400 |   0.0 |       0 |       4 |   0.0 |    53
         Orc:1 |       0 |    4203 |   0.0 |       0 |      39 |   0.0 |   910
         Orc:2 |       0 |   21585 |   0.0 |       0 |     137 |   0.0 |  2653
               +---------+---------+-------+---------+---------+-------+---------
